 Dungeon Crawl Stone Soup version 0.29.1-12-g30fa7ad0bf (webtiles) character file.

Game seed: 17158665003164032885

112 nachturnus the Slasher (level 5, -1/38 HPs)
             Began as a Human Gladiator on Jan 7, 2023.
             Slain by Terence
             ... wielding a +0 flail
              (4 damage)
             ... on level 2 of the Dungeon.
             The game lasted 00:03:09 (2541 turns).

nachturnus the Slasher (Human Gladiator)            Turns: 2541, Time: 00:03:10

Health: -1/38      AC:  9    Str: 14    XL:     5   Next: 16%
Magic:  5/5        EV:  7    Int:  9    God:
Gold:   86         SH:  0    Dex: 16    Spells: 4/4 levels left

rFire   . . .      SeeInvis .   a - +0 long sword
rCold   . . .      Faith    .   (no shield)
rNeg    . . .      Spirit   .   i - +0 chain mail
rPois   .          Reflect  .   c - +0 helmet
rElec   .          Harm     .   (no cloak)
rCorr   .          Rampage  .   (no gloves)
Will    .....                   (no boots)
Stlth   ..........              (no amulet)
HPRegen 0.12/turn               (no ring)
MPRegen 0.09/turn               (no ring)

@: no status effects
A: no striking features
a: no special abilities


You were on level 2 of the Dungeon.
You visited 1 branch of the dungeon, and saw 2 of its levels.

You collected 86 gold pieces.

Inventory:

Hand Weapons
 a - a +0 long sword (weapon)
Missiles
 d - 3 throwing nets (quivered)
 e - a javelin
Armour
 b - a +0 leather armour
 c - a +0 helmet (worn)
 i - a +0 chain mail (worn)
Jewellery
 k - a ring of positive energy
Scrolls
 h - a scroll of identify {unknown}
 j - 2 scrolls of enchant weapon {unknown}
Potions
 f - a potion of mutation {unknown}
 g - a potion of heal wounds
 l - a potion of lignification {unknown}
 m - a potion of might {unknown}


   Skills:
 - Level 2.2 Fighting
 + Level 5.2 Long Blades
 - Level 2.1 Throwing
 - Level 3.1 Dodging


You had 4 spell levels left.
You didn't know any spells.
Your spell library contained the following spells:

 Spells                   Type           Power      Damage    Failure   Level
 Sandblast                Erth           0%         2d4       100%        1
 Ensorcelled Hibernation  Hex/Ice        0%         N/A       100%        2
 Passwall                 Tmut/Erth      0%         N/A       100%        2
 Spider Form              Tmut/Pois      0%         N/A       100%        3
 Stone Arrow              Conj/Erth      0%         3d7       100%        3
 Anguish                  Hex/Necr       0%         N/A       100%        4


Dungeon Overview and Level Annotations

Branches:
Dungeon (2/15)

Altars:

Shops:
D:1 (

Annotations:
D:2 Terence


Message History

Terence is severely wounded.
Terence hits you with a +0 flail.
* * * LOW HITPOINT WARNING * * *
You hit Terence.
Terence is almost dead.
Terence barely misses you.
You barely miss Terence.
Terence is almost dead.
Terence drinks a potion.
Terence is healed!
You hit Terence. You punch Terence, but do no damage.
Terence is lightly wounded.
Terence barely misses you.
You closely miss Terence.
Terence is lightly wounded.
Terence barely misses you.
You hit Terence.
Terence is lightly wounded.
Terence closely misses you. Terence hits you with a +0 flail.
* * * LOW HITPOINT WARNING * * *
You hit Terence.
Terence is heavily wounded.
Terence hits you with a +0 flail.
* * * LOW HITPOINT WARNING * * *
You hit Terence.
Terence is heavily wounded.
Terence completely misses you.
You hit Terence but do no damage.
Terence is heavily wounded.
Terence hits you with a +0 flail.
* * * LOW HITPOINT WARNING * * *
You hit Terence but do no damage.
Terence is heavily wounded.
Terence barely misses you.
You closely miss Terence.
Terence is heavily wounded.
Terence drinks a potion.
Terence is healed!
You slash Terence!
Terence is moderately wounded.
Terence hits you with a +0 flail.
You die...

..# #.####
##...<.## #.## ###
#.# ##...## #.# #.#
##+## #.# #(# .#
#.# #.# ##.#### #.#
#.#### .......
#...^## ....###
###...######.......
#.......@@K.....#
##...######.#.###
##.## .# ### .. ###


You could see Terence and a kobold.

Vanquished Creatures
  Natasha (twice) (D:2)
  2 adders (D:2)
  5 ball pythons
  2 endoplasms
  A giant cockroach (D:1)
  8 goblins
  4 hobgoblins (D:1)
  3 jackals (D:2)
  2 quokkas (D:1)
  2 bats
  2 frilled lizards (D:1)
  5 kobolds
  7 rats (D:1)
45 creatures vanquished.

Notes
Turn   | Place    | Note
-------+----------+-------------------------------------------
     0 | D:1      | nachturnus the Human Gladiator began the quest for the Orb.
     0 | D:1      | Reached XP level 1. HP: 16/16 MP: 1/1
    78 | D:1      | Reached XP level 2. HP: 5/22 MP: 2/2
    94 | D:1      | HP: 1/22 [quokka (1)]
   587 | D:1      | Found Kez Juipap's Weapon Shop.
   623 | D:1      | Reached XP level 3. HP: 22/27 MP: 3/3
  1418 | D:2      | Reached skill level 4 in Long Blades
  1613 | D:2      | Noticed Natasha
  1628 | D:2      | Killed Natasha
  1629 | D:2      | Reached XP level 4. HP: 14/33 MP: 4/4
  1970 | D:2      | Noticed Natasha
  1975 | D:2      | Killed Natasha
  2095 | D:2      | Reached skill level 5 in Long Blades
  2095 | D:2      | Reached XP level 5. HP: 23/38 MP: 5/5
  2506 | D:2      | Noticed Terence
  2541 | D:2      | Slain by Terence

Illustrated notes

Levels and vault maps discovered:
D:1:      dpeg_arrival_signposts, layout_basic, serial_shops,
          nicolae_shop_bloodbath_and_beyond
D:2:      layout_loops_corners, hangedman_abyss_or_decor_stabs, uniq_natasha,
          uniq_terence

Skill      XL: |  1  2  3  4 |
---------------+-------------+-----
Long Blades    | 4 5 |  5.2
Fighting       | |  2.2
Throwing       | |  2.1
Dodging        | |  3.1

Action                   |  1- 3 |  4- 6 || total
-------------------------+-------+-------++-------
Melee: Long sword        |    97 |    60 ||   157
       Punch             |     1 |     4 ||     5
  Use: Scroll            |     2 |       ||     2
Armor: Leather armour    |    29 |       ||    29
       Chain mail        |       |    32 ||    32
Dodge: Dodged            |    75 |    30 ||   105
